Tamiflu vs Sewer Rats
Created - 9 mars 2015 at 19:22
Goals
|
Tamiflu |
0 |
2 |
2 |
0 |
1 |
5 |
Sewer Rats |
2 |
1 |
1 |
0 |
0 |
4 |
|
Shots
|
Tamiflu |
15 |
17 |
7 |
0 |
5 |
39 |
Sewer Rats |
10 |
16 |
17 |
0 |
5 |
43 |
|
1st period
1. Sewer Rats , Kyle Turris 28 (Derek Dorsett, John Lammers) at 14:16
2. Sewer Rats , Steven Reinprecht 30 (Mark Mancari) at 18:00
Penalties :
Derek Dorsett (Tol) for Tripping (Minor) at 3:20, Steven Kampfer (Tol) for Hooking (Minor) at 11:37, Mark Mancari (Tol) for Hooking (Minor) at 14:38
2nd period
3. Tamiflu , Greg Mauldin 48 (Jan Mursak, Carson Mcmillan) at 7:00
4. Sewer Rats , Vojtech Polak 21 (Nick Palmieri) at 14:37
5. Tamiflu , Mike Duco 21 (Jordan Hendry, Johan Fransson) at 16:44
Penalties :
Rich Clune (Det) for Tripping (Minor) at 3:34
3rd period
6. Sewer Rats , Steven Reinprecht 31 (Ville Leino) at 1:06
7. Tamiflu , Carson Mcmillan 22 (Greg Mauldin, Jan Mursak) at 6:21
8. Tamiflu , Greg Mauldin 49 (Jan Mursak, Carson Mcmillan) at 15:11 (PP)
Penalties :
John-Michael Liles (Tol) for Hooking (Minor) at 14:57, Kyle Quincey (Tol) for Interference (Minor) at 16:19
Overtime #1
No Goal
Penalties :
No Penalty
Shootout
Penalty Shot by Greg Mauldin for Tamiflu - Stopped by Semyon Varlamov
Penalty Shot by Steven Reinprecht for Sewer Rats - Stopped by Mike McKenna
Penalty Shot by Carson Mcmillan for Tamiflu - Stopped by Semyon Varlamov
Penalty Shot by Ville Leino for Sewer Rats - Stopped by Mike McKenna
Penalty Shot by Petr Pohl for Tamiflu - Shot Misses the Net
Penalty Shot by Vojtech Polak for Sewer Rats - Shot Misses the Net
Penalty Shot by Adam Henrique for Tamiflu - Stopped by Semyon Varlamov
Penalty Shot by Mark Mancari for Sewer Rats - Stopped by Mike McKenna
Penalty Shot by Mike Duco for Tamiflu - Goal!
Penalty Shot by Brandon Sutter for Sewer Rats - Stopped by Mike McKenna
Penalties :
No Penalty
Goalie Stats
Mike McKenna (Det), 39 saves from 43 shots - (0,907), W, 28-17-2, 65:00 minutes
Semyon Varlamov (Tol), 35 saves from 39 shots - (0,897), OTL, 25-12-3, 65:00 minutes
Players Stats for Tamiflu
Player Name G A P +/- PIM S H SB GA TA FO MP PP MP PK MP
------------------------------------------------------------------------------------
Adam Henrique 0 0 0 0 0 3 0 0 1 0 8/16 18:38 3:19 0:29
Ben Hanowski 0 0 0 0 0 0 0 0 0 0 0/0 0:00 0:00 0:00
Carson Mcmillan 1 2 3 1 0 6 2 1 1 0 0/1 25:17 4:51 0:57
Casey Wellman 0 0 0 -2 0 0 2 0 0 1 4/5 7:09 0:00 0:00
Cody Goloubef 0 0 0 0 0 0 0 0 0 0 0/0 3:09 0:00 0:00
Colin Greening 0 0 0 0 0 0 2 0 0 0 6/9 12:56 0:00 0:36
Garrett Wilson 0 0 0 0 0 0 0 2 0 0 1/1 12:07 0:00 0:30
Greg Mauldin 2 1 3 1 0 5 2 0 0 1 16/35 25:15 4:51 0:57
Jan Mursak 0 3 3 1 0 2 3 2 0 0 2/4 22:21 4:51 0:00
Johan Fransson 0 1 1 0 0 1 1 1 0 0 0/0 21:38 3:12 0:48
Jonathan Sigalet 0 0 0 2 0 4 3 2 1 2 0/0 31:48 4:58 1:11
Jordan Hendry 0 1 1 0 0 2 1 1 0 0 0/0 21:07 3:12 0:48
Justin Braun 0 0 0 -3 0 0 1 2 0 0 0/0 11:34 0:00 0:00
Mattias Tedenby 0 0 0 -2 0 3 2 0 0 0 0/0 8:36 0:00 0:00
Mike Duco 1 0 1 0 0 4 2 0 0 1 0/3 12:50 0:00 0:00
Nathan Oystrick 0 0 0 2 0 6 1 2 3 0 0/0 29:10 4:58 1:11
Petr Pohl 0 0 0 0 0 3 1 0 0 1 0/0 18:38 3:19 0:29
Philip Samuelsson 0 0 0 -3 0 0 0 1 0 0 0/0 11:34 0:00 0:00
Philippe Dupuis 0 0 0 -2 0 0 0 0 0 0 0/0 7:09 0:00 0:00
Rich Clune 0 0 0 0 2 0 2 1 0 0 0/0 17:04 3:19 0:00
Players Stats for Sewer Rats
Player Name G A P +/- PIM S H SB GA TA FO MP PP MP PK MP
------------------------------------------------------------------------------------
Brandon Sutter 0 0 0 0 0 5 0 0 0 0 7/15 15:05 0:52 0:10
Chad Denny 0 0 0 0 0 0 0 0 0 0 0/0 3:10 0:00 0:00
Derek Dorsett 0 1 1 1 2 4 1 0 1 0 1/1 12:45 0:09 0:00
John Erskine 0 0 0 1 0 2 0 2 0 1 0/0 28:45 1:08 4:56
John Lammers 0 1 1 1 0 2 3 0 0 0 0/1 13:35 0:00 2:15
John-Michael Liles 0 0 0 1 2 2 4 3 1 2 0/0 31:22 1:08 4:56
Jordan Caron 0 0 0 -1 0 1 1 0 0 0 0/0 7:16 0:00 0:00
Kyle Quincey 0 0 0 0 2 4 3 0 0 1 0/0 21:34 0:51 2:37
Kyle Turris 1 0 1 1 0 2 0 1 0 0 5/8 11:53 0:09 0:00
Lars Eller 0 0 0 -1 0 0 1 0 0 0 0/1 7:16 0:00 0:00
Mark Mancari 0 1 1 1 2 2 2 1 0 0 0/1 21:44 0:58 1:49
Mattias Ekholm 0 0 0 0 0 0 3 0 0 0 0/0 12:58 0:00 1:20
Mike Funk 0 0 0 0 0 0 0 1 0 0 0/0 11:10 0:00 0:00
Nick Palmieri 0 1 1 0 0 3 1 0 0 1 0/0 14:51 0:52 0:00
Patrick Bordeleau 0 0 0 -1 0 1 0 0 0 0 0/0 7:25 0:00 0:08
Steven Kampfer 0 0 0 0 2 2 0 0 0 0 0/0 21:00 0:51 2:31
Steven Reinprecht 2 0 2 1 0 6 1 1 0 0 20/41 25:08 0:58 4:06
Ville Leino 0 1 1 1 0 4 2 0 1 1 3/4 25:27 1:07 4:06
Vojtech Polak 1 0 1 0 0 3 0 0 3 0 1/2 19:21 0:52 3:46
3 Stars
1 - Greg Mauldin (Det)
2 - Carson Mcmillan (Det)
3 - Steven Reinprecht (Tol)
Power Play
Tamiflu - 1 on 5 Attempt(s) - 20,00%
Sewer Rats - 0 on 1 Attempt(s) - 0,00%
Penalty Kill
Tamiflu - 1 on 1 Attempt(s) - 100,00%
- Score 0 goal in Penalty Kill
Sewer Rats - 4 on 5 Attempt(s) - 80,00%
- Score 0 goal in Penalty Kill
Team Stat
Tamiflu - Hits : 25 - Faceoff Wins : 37 - Blocked Shots : 15 - Penalty Minutes : 2
Sewer Rats - Hits : 22 - Faceoff Wins : 37 - Blocked Shots : 9 - Penalty Minutes : 10
Official
Referees : Hebert Ghislain and Jackson Dave
Linesman : Derek Nansen and Lonnie Cameron
Game Notes
No Game Note
Finance
Level 1 -- Attendance: 1379 (68,95%) -- Ticket Income 41 370 $
Level 2 -- Attendance: 706 (70,60%) -- Ticket Income 8 472 $
Total Attendance: 2085 (69,50%)
Total Ticket Income: 49 842 $
Other Income: 2 492 $
Total Income: 52 334 $
Tamiflu
5 vs 5 Forward
Center Left Wing Right Wing Time % Phy DF OF
1 Greg Mauldin Jan Mursak Carson Mcmillan 40 1 2 2
2 Adam Henrique Rich Clune Petr Pohl 30 1 2 2
3 Colin Greening Garrett Wilson Mike Duco 20 1 2 2
4 Casey Wellman Philippe Dupuis Mattias Tedenby 10 1 2 2
5 vs 5 Defense
Defense Defense Time % Phy DF OF
1 Jonathan Sigalet Nathan Oystrick 40 1 2 2
2 Jordan Hendry Johan Fransson 30 1 2 2
3 Philip Samuelsson Justin Braun 20 1 2 2
4 Cody Goloubef Jonathan Sigalet 10 1 2 2
PowerPlay Forward
Center Left Wing Right Wing Time % Phy DF OF
1 Greg Mauldin Jan Mursak Carson Mcmillan 60 1 2 2
2 Adam Henrique Rich Clune Petr Pohl 40 1 2 2
PowerPlay Defense
Defense Defense Time % Phy DF OF
1 Jonathan Sigalet Nathan Oystrick 60 1 2 2
2 Jordan Hendry Johan Fransson 40 1 2 2
Penalty Kill 4 Players Forward
Center Wing Time % Phy DF OF
1 Greg Mauldin Carson Mcmillan 60 1 2 2
2 Petr Pohl Adam Henrique 40 1 2 2
Penalty Kill 4 Players Defense
Defense Defense Time % Phy DF OF
1 Jonathan Sigalet Nathan Oystrick 60 1 2 2
2 Jordan Hendry Johan Fransson 40 1 2 2
Penalty Kill - 3 Players Forward
Forward Time % Phy DF OF
1 Greg Mauldin 60 1 2 2
2 Carson Mcmillan 40 1 2 2
Penalty Kill - 3 Players Defense
Defense Defense Time % Phy DF OF
1 Jonathan Sigalet Nathan Oystrick 60 1 2 2
2 Jordan Hendry Johan Fransson 40 1 2 2
4 vs 4 Forward
Center Wing Time % Phy DF OF
1 Greg Mauldin Carson Mcmillan 60 1 2 2
2 Petr Pohl Adam Henrique 40 1 2 2
4 vs 4 Defense
Defense Defense Time % Phy DF OF
1 Jonathan Sigalet Nathan Oystrick 60 1 2 2
2 Jordan Hendry Johan Fransson 40 1 2 2
Last Minutes Offensive
Center Left Wing Right Wing Defense Defense
Greg Mauldin Jan Mursak Carson Mcmillan Jonathan Sigalet Nathan Oystrick
Last Minutes Defensive
Center Left Wing Right Wing Defense Defense
Greg Mauldin Jan Mursak Carson Mcmillan Jonathan Sigalet Nathan Oystrick
Goaltenders
Starting : Mike McKenna
Backup : Thomas Greiss
Extra Forwards
Normal : Mike Duco, Mattias Tedenby, Colin Greening - PP : Mike Duco, Mattias Tedenby - PK : Colin Greening
Extra Defensemen
Normal : Philip Samuelsson, Justin Braun, Cody Goloubef - PP : Philip Samuelsson - PK : Justin Braun, Cody Goloubef
Penalty Shots
Greg Mauldin, Carson Mcmillan, Petr Pohl, Adam Henrique, Mike Duco
Sewer Rats
5 vs 5 Forward
Center Left Wing Right Wing Time % Phy DF OF
1 Steven Reinprecht Ville Leino Mark Mancari 40 1 2 2
2 Brandon Sutter Vojtech Polak Nick Palmieri 30 1 2 2
3 Kyle Turris John Lammers Derek Dorsett 20 1 2 2
4 Lars Eller Patrick Bordeleau Jordan Caron 10 1 2 2
5 vs 5 Defense
Defense Defense Time % Phy DF OF
1 John-Michael Liles John Erskine 40 1 2 2
2 Kyle Quincey Steven Kampfer 30 1 2 2
3 Mike Funk Mattias Ekholm 20 1 2 2
4 Chad Denny John-Michael Liles 10 1 2 2
PowerPlay Forward
Center Left Wing Right Wing Time % Phy DF OF
1 Steven Reinprecht Ville Leino Mark Mancari 60 1 2 2
2 Brandon Sutter Vojtech Polak Nick Palmieri 40 1 2 2
PowerPlay Defense
Defense Defense Time % Phy DF OF
1 John-Michael Liles John Erskine 60 1 2 2
2 Kyle Quincey Steven Kampfer 40 1 2 2
Penalty Kill 4 Players Forward
Center Wing Time % Phy DF OF
1 Steven Reinprecht Ville Leino 60 1 2 2
2 Vojtech Polak Mark Mancari 40 1 2 2
Penalty Kill 4 Players Defense
Defense Defense Time % Phy DF OF
1 John-Michael Liles John Erskine 60 1 2 2
2 Kyle Quincey Steven Kampfer 40 1 2 2
Penalty Kill - 3 Players Forward
Forward Time % Phy DF OF
1 Steven Reinprecht 60 1 2 2
2 Ville Leino 40 1 2 2
Penalty Kill - 3 Players Defense
Defense Defense Time % Phy DF OF
1 John-Michael Liles John Erskine 60 1 2 2
2 Kyle Quincey Steven Kampfer 40 1 2 2
4 vs 4 Forward
Center Wing Time % Phy DF OF
1 Steven Reinprecht Ville Leino 60 1 2 2
2 Vojtech Polak Mark Mancari 40 1 2 2
4 vs 4 Defense
Defense Defense Time % Phy DF OF
1 John-Michael Liles John Erskine 60 1 2 2
2 Kyle Quincey Steven Kampfer 40 1 2 2
Last Minutes Offensive
Center Left Wing Right Wing Defense Defense
Steven Reinprecht Ville Leino Mark Mancari John-Michael Liles John Erskine
Last Minutes Defensive
Center Left Wing Right Wing Defense Defense
Steven Reinprecht Ville Leino Mark Mancari John-Michael Liles John Erskine
Goaltenders
Starting : Semyon Varlamov
Backup : Jhonas Enroth
Extra Forwards
Normal : Derek Dorsett, Kyle Turris, John Lammers - PP : Derek Dorsett, Kyle Turris - PK : John Lammers
Extra Defensemen
Normal : Mike Funk, Mattias Ekholm, Chad Denny - PP : Mike Funk - PK : Mattias Ekholm, Chad Denny
Penalty Shots
Steven Reinprecht, Ville Leino, Vojtech Polak, Mark Mancari, Brandon Sutter
% Time on Ice - Tamiflu
Lines # - Real PCT - Wanted PCT - Time Play
Normal Forward
1 - 35% - 40% - 17:39
2 - 27% - 30% - 13:42
3 - 23% - 20% - 11:21
4 - 14% - 10% - 7:09
Normal Defense
1 - 41% - 40% - 20:26
2 - 30% - 30% - 14:55
3 - 23% - 20% - 11:21
4 - 6% - 10% - 3:09
PP Forward
1 - 59% - 60% - 4:51
2 - 41% - 40% - 3:19
PP Defense
1 - 61% - 60% - 4:58
2 - 39% - 40% - 3:12
PK Forward
1 - 76% - 60% - 1:30
2 - 24% - 40% - 0:29
PK Defense
1 - 60% - 60% - 1:11
2 - 40% - 40% - 0:48
PK3 Forward
1 - 0% - 60%
2 - 0% - 40%
PK3 Defense
1 - 0% - 60%
2 - 0% - 40%
44 Forward
1 - 76% - 60% - 3:47
2 - 24% - 40% - 1:13
44 Defense
1 - 56% - 60% - 2:48
2 - 44% - 40% - 2:12
Last Minute Offensive - 0:00
Last Minute Defensive - 0:00
Total
Forward - 65:00
Defense - 65:00
|
% Time on Ice - Sewer Rats
Lines # - Real PCT - Wanted PCT - Time Play
Normal Forward
1 - 36% - 40% - 18:02
2 - 29% - 30% - 14:19
3 - 21% - 20% - 10:14
4 - 15% - 10% - 7:16
Normal Defense
1 - 41% - 40% - 20:12
2 - 32% - 30% - 16:06
3 - 21% - 20% - 10:39
4 - 6% - 10% - 2:54
PP Forward
1 - 56% - 60% - 1:07
2 - 44% - 40% - 0:52
PP Defense
1 - 57% - 60% - 1:08
2 - 43% - 40% - 0:51
PK Forward
1 - 67% - 60% - 5:30
2 - 33% - 40% - 2:40
PK Defense
1 - 60% - 60% - 4:56
2 - 40% - 40% - 3:14
PK3 Forward
1 - 0% - 60%
2 - 0% - 40%
PK3 Defense
1 - 0% - 60%
2 - 0% - 40%
44 Forward
1 - 84% - 60% - 4:13
2 - 16% - 40% - 0:47
44 Defense
1 - 60% - 60% - 3:00
2 - 40% - 40% - 2:00
Last Minute Offensive - 0:00
Last Minute Defensive - 0:00
Total
Forward - 65:00
Defense - 65:00
|
Play by Play
1st period
0:01 of 1st period - Greg Mauldin wins face-off versus Steven Reinprecht in neutral zone.
1:33 of 1st period - Off-side.
1:34 of 1st period - Steven Reinprecht wins face-off versus Adam Henrique in neutral zone.
1:48 of 1st period - Wrist shot by Adam Henrique.
1:48 of 1st period - Stopped by Semyon Varlamov without a rebound.
1:49 of 1st period - Garrett Wilson wins face-off versus Brandon Sutter in Sewer Rats zone.
1:58 of 1st period - Slapshot by Jonathan Sigalet.
1:58 of 1st period - Stopped by Semyon Varlamov without a rebound.
1:59 of 1st period - Colin Greening wins face-off versus Brandon Sutter in Sewer Rats zone.
2:00 of 1st period - Slapshot by Nathan Oystrick.
2:00 of 1st period - Stopped by Semyon Varlamov without a rebound.
2:01 of 1st period - Steven Reinprecht wins face-off versus Greg Mauldin in Sewer Rats zone.
2:06 of 1st period - Carson Mcmillan is hit by Kyle Quincey and loses puck.
2:13 of 1st period - Slapshot by Jonathan Sigalet.
2:13 of 1st period - Stopped by Semyon Varlamov without a rebound.
2:14 of 1st period - Colin Greening wins face-off versus Brandon Sutter in Sewer Rats zone.
2:39 of 1st period - Nathan Oystrick is hit by Mark Mancari and loses puck.
3:13 of 1st period - Jonathan Sigalet is hit by John Lammers and loses puck.
3:20 of 1st period - Minor Penalty to Derek Dorsett for Tripping.
3:21 of 1st period - Greg Mauldin wins face-off versus Steven Reinprecht in Sewer Rats zone.
3:46 of 1st period - Jordan Hendry is hit by John-Michael Liles and loses puck.
4:21 of 1st period - Ville Leino is hit by Rich Clune and loses puck.
5:06 of 1st period - Carson Mcmillan is hit by Kyle Quincey.
5:20 of 1st period - Penalty to Derek Dorsett is over, Derek Dorsett is back on ice.
5:37 of 1st period - Patrick Bordeleau is hit by Jonathan Sigalet and loses puck.
6:06 of 1st period - Icing by Mark Mancari.
6:07 of 1st period - Casey Wellman wins face-off versus Steven Reinprecht in Sewer Rats zone.
7:18 of 1st period - Slapshot by Adam Henrique.
7:18 of 1st period - Stopped by Semyon Varlamov with a rebound.
7:45 of 1st period - Kyle Quincey is hit by Colin Greening and loses puck.
8:15 of 1st period - Icing by Kyle Quincey.
8:16 of 1st period - Steven Reinprecht wins face-off versus Jan Mursak in Sewer Rats zone.
8:30 of 1st period - Wrist shot by Carson Mcmillan.
8:30 of 1st period - Deflect By Greg Mauldin.
8:30 of 1st period - Shot Blocked by Steven Reinprecht.
8:30 of 1st period - Puck is out of play.
8:31 of 1st period - Adam Henrique wins face-off versus Brandon Sutter in Sewer Rats zone.
9:22 of 1st period - John-Michael Liles is hit by Mike Duco and loses puck.
9:43 of 1st period - Wrist shot by Nick Palmieri.
9:43 of 1st period - Shot Misses the Net.
10:25 of 1st period - Wrist shot by Ville Leino.
10:25 of 1st period - Stopped by Mike McKenna with a rebound.
10:27 of 1st period - Slapshot by Steven Reinprecht.
10:27 of 1st period - Stopped by Mike McKenna without a rebound.
10:28 of 1st period - Greg Mauldin wins face-off versus Brandon Sutter in Tamiflu zone.
10:32 of 1st period - Off-side.
10:33 of 1st period - Brandon Sutter wins face-off versus Greg Mauldin in neutral zone.
11:09 of 1st period - Snap shot by Greg Mauldin.
11:09 of 1st period - Stopped by Semyon Varlamov with a rebound.
11:11 of 1st period - Snap shot by Jan Mursak.
11:11 of 1st period - Shot Misses the Net.
11:13 of 1st period - Snap shot by Carson Mcmillan.
11:13 of 1st period - Stopped by Semyon Varlamov without a rebound.
11:14 of 1st period - Ville Leino wins face-off versus Adam Henrique in Sewer Rats zone.
11:37 of 1st period - Minor Penalty to Steven Kampfer for Hooking.
11:38 of 1st period - Steven Reinprecht wins face-off versus Greg Mauldin in Sewer Rats zone.
11:38 of 1st period - Steven Reinprecht is hit by Jan Mursak.
11:50 of 1st period - Slapshot by Ville Leino.
11:50 of 1st period - Deflect By Jonathan Sigalet.
11:50 of 1st period - Stopped by Mike McKenna with a rebound.
12:10 of 1st period - Slapshot by Carson Mcmillan.
12:10 of 1st period - Stopped by Semyon Varlamov with a rebound.
12:12 of 1st period - Slapshot by Jonathan Sigalet.
12:12 of 1st period - Stopped by Semyon Varlamov without a rebound.
12:13 of 1st period - Vojtech Polak wins face-off versus Adam Henrique in Sewer Rats zone.
12:18 of 1st period - Mark Mancari is hit by Jordan Hendry and loses puck.
12:57 of 1st period - Slapshot by Ville Leino.
12:57 of 1st period - Shot Misses the Net.
13:37 of 1st period - Penalty to Steven Kampfer is over, Steven Kampfer is back on ice.
13:47 of 1st period - Wrist shot by Kyle Quincey.
13:47 of 1st period - Stopped by Mike McKenna with a rebound.
13:53 of 1st period - Lars Eller is hit by Colin Greening and loses puck.
14:04 of 1st period - Slapshot by Justin Braun.
14:04 of 1st period - Deflect By Mattias Tedenby.
14:04 of 1st period - Stopped by Semyon Varlamov without a rebound.
14:05 of 1st period - Casey Wellman wins face-off versus Kyle Turris in Sewer Rats zone.
14:16 of 1st period - Snap shot by Kyle Turris.
14:16 of 1st period - Goal by Kyle Turris - Tamiflu : 0 - Sewer Rats : 1.
14:17 of 1st period - Greg Mauldin wins face-off versus Steven Reinprecht in neutral zone.
14:24 of 1st period - Snap shot by Jan Mursak.
14:24 of 1st period - Stopped by Semyon Varlamov with a rebound.
14:26 of 1st period - Slapshot by Nathan Oystrick.
14:26 of 1st period - Stopped by Semyon Varlamov with a rebound.
14:28 of 1st period - Snap shot by Carson Mcmillan.
14:28 of 1st period - Shot Misses the Net.
14:32 of 1st period - Wrist shot by Greg Mauldin.
14:32 of 1st period - Shot Misses the Net.
14:38 of 1st period - Minor Penalty to Mark Mancari for Hooking.
14:39 of 1st period - Greg Mauldin wins face-off versus Steven Reinprecht in Sewer Rats zone.
14:40 of 1st period - Wrist shot by Carson Mcmillan.
14:40 of 1st period - Stopped by Semyon Varlamov without a rebound.
14:41 of 1st period - Steven Reinprecht wins face-off versus Greg Mauldin in Sewer Rats zone.
15:12 of 1st period - Wrist shot by Petr Pohl.
15:12 of 1st period - Shot Hit the Post.
15:14 of 1st period - Slapshot by Petr Pohl.
15:14 of 1st period - Deflect By Adam Henrique.
15:14 of 1st period - Shot Misses the Net.
15:14 of 1st period - Puck is out of play.
15:15 of 1st period - Steven Reinprecht wins face-off versus Greg Mauldin in Sewer Rats zone.
16:38 of 1st period - Penalty to Mark Mancari is over, Mark Mancari is back on ice.
16:42 of 1st period - Nathan Oystrick is hit by John Lammers and loses puck.
17:03 of 1st period - Slapshot by Steven Kampfer.
17:03 of 1st period - Deflect By Jordan Caron.
17:03 of 1st period - Stopped by Mike McKenna with a rebound.
17:23 of 1st period - Steven Kampfer is hit by Casey Wellman and loses puck.
17:56 of 1st period - Slapshot by Brandon Sutter.
17:56 of 1st period - Stopped by Mike McKenna without a rebound.
17:57 of 1st period - Steven Reinprecht wins face-off versus Colin Greening in Tamiflu zone.
18:00 of 1st period - Wrist shot by Steven Reinprecht.
18:00 of 1st period - Goal by Steven Reinprecht - Tamiflu : 0 - Sewer Rats : 2.
18:01 of 1st period - Greg Mauldin wins face-off versus Steven Reinprecht in neutral zone.
18:04 of 1st period - Snap shot by Nathan Oystrick.
18:04 of 1st period - Stopped by Semyon Varlamov with a rebound.
18:06 of 1st period - Slapshot by Nathan Oystrick.
18:06 of 1st period - Shot Blocked by John Erskine.
18:52 of 1st period - Snap shot by Mike Duco.
18:52 of 1st period - Shot Blocked by Kyle Turris.
18:54 of 1st period - Slapshot by Nathan Oystrick.
18:54 of 1st period - Stopped by Semyon Varlamov without a rebound.
18:55 of 1st period - Colin Greening wins face-off versus Steven Reinprecht in Sewer Rats zone.
19:07 of 1st period - Off-side.
19:08 of 1st period - Steven Reinprecht wins face-off versus Greg Mauldin in neutral zone.
19:11 of 1st period - Slapshot by John-Michael Liles.
19:11 of 1st period - Stopped by Mike McKenna with a rebound.
19:13 of 1st period - Slapshot by John-Michael Liles.
19:13 of 1st period - Shot Blocked by Jan Mursak.
19:15 of 1st period - Wrist shot by Mark Mancari.
19:15 of 1st period - Stopped by Mike McKenna with a rebound.
19:21 of 1st period - Snap shot by Steven Reinprecht.
19:21 of 1st period - Deflect By Jordan Hendry.
19:21 of 1st period - Shot Blocked by Carson Mcmillan.
19:21 of 1st period - Puck is out of play.
19:22 of 1st period - Greg Mauldin wins face-off versus Steven Reinprecht in Tamiflu zone.
19:22 of 1st period - Greg Mauldin is hit by Steven Reinprecht.
Goals for this period are 0 for Tamiflu vs 2 for Sewer Rats.
Shots for this period are 15 for Tamiflu vs 10 for Sewer Rats.
2nd period
0:01 of 2nd period - Steven Reinprecht wins face-off versus Greg Mauldin in neutral zone.
0:06 of 2nd period - Greg Mauldin is hit by John-Michael Liles and loses puck.
0:34 of 2nd period - Jonathan Sigalet is hit by Mattias Ekholm and loses puck.
0:55 of 2nd period - Slapshot by Jordan Hendry.
0:55 of 2nd period - Deflect By John Lammers.
0:55 of 2nd period - Stopped by Semyon Varlamov with a rebound.
0:57 of 2nd period - Slapshot by Johan Fransson.
0:57 of 2nd period - Stopped by Semyon Varlamov with a rebound.
2:27 of 2nd period - Wrist shot by Jan Mursak.
2:27 of 2nd period - Shot Blocked by Mark Mancari.
2:29 of 2nd period - Wrist shot by Nathan Oystrick.
2:29 of 2nd period - Stopped by Semyon Varlamov with a rebound.
2:31 of 2nd period - Wrist shot by Carson Mcmillan.
2:31 of 2nd period - Stopped by Semyon Varlamov without a rebound.
2:32 of 2nd period - Greg Mauldin wins face-off versus Brandon Sutter in Sewer Rats zone.
2:51 of 2nd period - Nick Palmieri is hit by Greg Mauldin and loses puck.
3:02 of 2nd period - Wrist shot by Nick Palmieri.
3:02 of 2nd period - Shot Misses the Net.
3:04 of 2nd period - Slapshot by Steven Kampfer.
3:04 of 2nd period - Stopped by Mike McKenna with a rebound.
3:06 of 2nd period - Wrist shot by Kyle Quincey.
3:06 of 2nd period - Shot Blocked by Jordan Hendry.
3:08 of 2nd period - Wrist shot by Nick Palmieri.
3:08 of 2nd period - Stopped by Mike McKenna with a rebound.
3:10 of 2nd period - Slapshot by Steven Kampfer.
3:10 of 2nd period - Shot Blocked by Jan Mursak.
3:12 of 2nd period - Slapshot by Steven Kampfer.
3:12 of 2nd period - Deflect By Nick Palmieri.
3:12 of 2nd period - Stopped by Mike McKenna without a rebound.
3:13 of 2nd period - Adam Henrique wins face-off versus Steven Reinprecht in Tamiflu zone.
3:24 of 2nd period - Slapshot by Ville Leino.
3:24 of 2nd period - Shot Misses the Net.
3:26 of 2nd period - Slapshot by Steven Reinprecht.
3:26 of 2nd period - Shot Blocked by Nathan Oystrick.
3:28 of 2nd period - Slapshot by John Erskine.
3:28 of 2nd period - Stopped by Mike McKenna with a rebound.
3:34 of 2nd period - Minor Penalty to Rich Clune for Tripping.
3:35 of 2nd period - Steven Reinprecht wins face-off versus Greg Mauldin in Tamiflu zone.
3:50 of 2nd period - Snap shot by Ville Leino.
3:50 of 2nd period - Stopped by Mike McKenna with a rebound.
5:34 of 2nd period - Penalty to Rich Clune is over, Rich Clune is back on ice.
6:36 of 2nd period - Icing by Mike Funk.
6:37 of 2nd period - Colin Greening wins face-off versus Brandon Sutter in Sewer Rats zone.
6:48 of 2nd period - Snap shot by Mike Duco.
6:48 of 2nd period - Stopped by Semyon Varlamov without a rebound.
6:49 of 2nd period - Greg Mauldin wins face-off versus Steven Reinprecht in Sewer Rats zone.
6:58 of 2nd period - Slapshot by Carson Mcmillan.
6:58 of 2nd period - Shot Misses the Net.
7:00 of 2nd period - Slapshot by Jan Mursak.
7:00 of 2nd period - Deflect By Greg Mauldin.
7:00 of 2nd period - Goal by Greg Mauldin - Tamiflu : 1 - Sewer Rats : 2.
7:01 of 2nd period - Greg Mauldin wins face-off versus Steven Reinprecht in neutral zone.
7:04 of 2nd period - Ville Leino is hit by Jonathan Sigalet and loses puck.
7:15 of 2nd period - Wrist shot by Ville Leino.
7:15 of 2nd period - Shot Misses the Net.
7:17 of 2nd period - Wrist shot by Mark Mancari.
7:17 of 2nd period - Stopped by Mike McKenna without a rebound.
7:18 of 2nd period - Brandon Sutter wins face-off versus Adam Henrique in Tamiflu zone.
7:25 of 2nd period - Wrist shot by Brandon Sutter.
7:25 of 2nd period - Shot Misses the Net.
7:52 of 2nd period - Snap shot by Ville Leino.
7:52 of 2nd period - Shot Misses the Net.
7:54 of 2nd period - Slapshot by John-Michael Liles.
7:54 of 2nd period - Stopped by Mike McKenna without a rebound.
7:55 of 2nd period - Brandon Sutter wins face-off versus Adam Henrique in Tamiflu zone.
7:56 of 2nd period - Slapshot by Vojtech Polak.
7:56 of 2nd period - Shot Blocked by Rich Clune.
8:21 of 2nd period - Greg Mauldin is hit by Ville Leino and loses puck.
8:48 of 2nd period - Slapshot by John Lammers.
8:48 of 2nd period - Deflect By Johan Fransson.
8:48 of 2nd period - Stopped by Mike McKenna with a rebound.
8:50 of 2nd period - Snap shot by John Lammers.
8:50 of 2nd period - Shot Blocked by Johan Fransson.
8:52 of 2nd period - Slapshot by Kyle Quincey.
8:52 of 2nd period - Shot Misses the Net.
9:02 of 2nd period - John-Michael Liles is hit by Casey Wellman.
9:08 of 2nd period - Slapshot by Mike Funk.
9:08 of 2nd period - Deflect By Patrick Bordeleau.
9:08 of 2nd period - Shot Misses the Net.
9:08 of 2nd period - Puck is out of play.
9:09 of 2nd period - Casey Wellman wins face-off versus Ville Leino in Tamiflu zone.
9:41 of 2nd period - Snap shot by Mattias Tedenby.
9:41 of 2nd period - Stopped by Semyon Varlamov with a rebound.
9:43 of 2nd period - Slapshot by Nathan Oystrick.
9:43 of 2nd period - Stopped by Semyon Varlamov without a rebound.
9:44 of 2nd period - Greg Mauldin wins face-off versus Vojtech Polak in Sewer Rats zone.
9:51 of 2nd period - Snap shot by Carson Mcmillan.
9:51 of 2nd period - Shot Misses the Net.
9:53 of 2nd period - Wrist shot by Greg Mauldin.
9:53 of 2nd period - Shot Misses the Net.
9:55 of 2nd period - Snap shot by Jan Mursak.
9:55 of 2nd period - Stopped by Semyon Varlamov without a rebound.
9:56 of 2nd period - Brandon Sutter wins face-off versus Greg Mauldin in Sewer Rats zone.
10:09 of 2nd period - Wrist shot by Brandon Sutter.
10:09 of 2nd period - Stopped by Mike McKenna with a rebound.
10:11 of 2nd period - Backhand shot by John-Michael Liles.
10:11 of 2nd period - Deflect By Brandon Sutter.
10:11 of 2nd period - Stopped by Mike McKenna with a rebound.
10:23 of 2nd period - Ville Leino is hit by Nathan Oystrick and loses puck.
10:50 of 2nd period - Slapshot by John-Michael Liles.
10:50 of 2nd period - Shot Misses the Net.
10:52 of 2nd period - Wrist shot by John Lammers.
10:52 of 2nd period - Stopped by Mike McKenna without a rebound.
10:53 of 2nd period - Greg Mauldin wins face-off versus Brandon Sutter in Tamiflu zone.
11:27 of 2nd period - Slapshot by Mike Duco.
11:27 of 2nd period - Stopped by Semyon Varlamov without a rebound.
11:28 of 2nd period - Adam Henrique wins face-off versus Steven Reinprecht in Sewer Rats zone.
11:29 of 2nd period - Wrist shot by Petr Pohl.
11:29 of 2nd period - Stopped by Semyon Varlamov with a rebound.
11:35 of 2nd period - Rich Clune is hit by Mattias Ekholm.
11:58 of 2nd period - Snap shot by Greg Mauldin.
11:58 of 2nd period - Stopped by Semyon Varlamov without a rebound.
11:59 of 2nd period - Kyle Turris wins face-off versus Jan Mursak in Sewer Rats zone.
11:59 of 2nd period - Kyle Turris is hit by Greg Mauldin.
12:09 of 2nd period - Wrist shot by John-Michael Liles.
12:09 of 2nd period - Deflect By Derek Dorsett.
12:09 of 2nd period - Stopped by Mike McKenna without a rebound.
12:10 of 2nd period - Steven Reinprecht wins face-off versus Greg Mauldin in Tamiflu zone.
12:44 of 2nd period - Wrist shot by Vojtech Polak.
12:44 of 2nd period - Deflect By Nick Palmieri.
12:44 of 2nd period - Shot Misses the Net.
12:44 of 2nd period - Puck is out of play.
12:45 of 2nd period - Adam Henrique wins face-off versus Steven Reinprecht in Tamiflu zone.
12:45 of 2nd period - Adam Henrique is hit by Ville Leino.
12:55 of 2nd period - Off-side.
12:56 of 2nd period - Steven Reinprecht wins face-off versus Greg Mauldin in neutral zone.
13:42 of 2nd period - Slapshot by Kyle Quincey.
13:42 of 2nd period - Stopped by Mike McKenna with a rebound.
13:44 of 2nd period - Wrist shot by Nick Palmieri.
13:44 of 2nd period - Stopped by Mike McKenna with a rebound.
14:08 of 2nd period - Philip Samuelsson is hit by Nick Palmieri and loses puck.
14:37 of 2nd period - Snap shot by Vojtech Polak.
14:37 of 2nd period - Goal by Vojtech Polak - Tamiflu : 1 - Sewer Rats : 3.
14:38 of 2nd period - Steven Reinprecht wins face-off versus Greg Mauldin in neutral zone.
15:05 of 2nd period - Jonathan Sigalet is hit by John Lammers and loses puck.
15:34 of 2nd period - Nathan Oystrick is hit by Lars Eller and loses puck.
15:47 of 2nd period - Snap shot by Jonathan Sigalet.
15:47 of 2nd period - Shot Blocked by Mike Funk.
15:49 of 2nd period - Slapshot by Jonathan Sigalet.
15:49 of 2nd period - Stopped by Semyon Varlamov with a rebound.
15:51 of 2nd period - Slapshot by Mattias Tedenby.
15:51 of 2nd period - Stopped by Semyon Varlamov without a rebound.
15:52 of 2nd period - Steven Reinprecht wins face-off versus Casey Wellman in Sewer Rats zone.
15:54 of 2nd period - Icing by John-Michael Liles.
15:55 of 2nd period - Steven Reinprecht wins face-off versus Greg Mauldin in Sewer Rats zone.
16:02 of 2nd period - Backhand shot by John-Michael Liles.
16:02 of 2nd period - Shot Hit the Post.
16:04 of 2nd period - Snap shot by Steven Reinprecht.
16:04 of 2nd period - Shot Misses the Net.
16:06 of 2nd period - Slapshot by John Erskine.
16:06 of 2nd period - Stopped by Mike McKenna with a rebound.
16:44 of 2nd period - Snap shot by Mike Duco.
16:44 of 2nd period - Goal by Mike Duco - Tamiflu : 2 - Sewer Rats : 3.
16:45 of 2nd period - Jan Mursak wins face-off versus Steven Reinprecht in neutral zone.
16:48 of 2nd period - Wrist shot by Carson Mcmillan.
16:48 of 2nd period - Shot Misses the Net.
17:01 of 2nd period - Slapshot by Greg Mauldin.
17:01 of 2nd period - Stopped by Semyon Varlamov with a rebound.
17:15 of 2nd period - John-Michael Liles is hit by Rich Clune and loses puck.
17:20 of 2nd period - Wrist shot by Petr Pohl.
17:20 of 2nd period - Shot Misses the Net.
17:22 of 2nd period - Slapshot by Jonathan Sigalet.
17:22 of 2nd period - Deflect By Petr Pohl.
17:22 of 2nd period - Stopped by Semyon Varlamov without a rebound.
17:23 of 2nd period - Brandon Sutter wins face-off versus Mike Duco in Sewer Rats zone.
17:23 of 2nd period - Brandon Sutter is hit by Justin Braun.
19:13 of 2nd period - John-Michael Liles is hit by Jonathan Sigalet and loses puck.
19:38 of 2nd period - Wrist shot by Kyle Turris.
19:38 of 2nd period - Shot Blocked by Justin Braun.
Goals for this period are 2 for Tamiflu vs 1 for Sewer Rats.
Shots for this period are 17 for Tamiflu vs 16 for Sewer Rats.
3rd period
0:01 of 3rd period - Steven Reinprecht wins face-off versus Carson Mcmillan in neutral zone.
0:04 of 3rd period - Wrist shot by Mark Mancari.
0:04 of 3rd period - Shot Blocked by Jonathan Sigalet.
0:14 of 3rd period - Wrist shot by Steven Reinprecht.
0:14 of 3rd period - Shot Misses the Net.
0:16 of 3rd period - Slapshot by Steven Reinprecht.
0:16 of 3rd period - Stopped by Mike McKenna without a rebound.
0:17 of 3rd period - Brandon Sutter wins face-off versus Adam Henrique in Tamiflu zone.
0:24 of 3rd period - Snap shot by Nick Palmieri.
0:24 of 3rd period - Shot Blocked by Jonathan Sigalet.
0:26 of 3rd period - Slapshot by Vojtech Polak.
0:26 of 3rd period - Stopped by Mike McKenna without a rebound.
0:27 of 3rd period - Brandon Sutter wins face-off versus Adam Henrique in Tamiflu zone.
0:52 of 3rd period - Snap shot by Brandon Sutter.
0:52 of 3rd period - Stopped by Mike McKenna with a rebound.
0:54 of 3rd period - Snap shot by Nick Palmieri.
0:54 of 3rd period - Deflect By Vojtech Polak.
0:54 of 3rd period - Stopped by Mike McKenna without a rebound.
0:55 of 3rd period - Greg Mauldin wins face-off versus Steven Reinprecht in Tamiflu zone.
0:55 of 3rd period - Greg Mauldin is hit by Mark Mancari.
0:58 of 3rd period - Icing by Jordan Hendry.
0:59 of 3rd period - Ville Leino wins face-off versus Greg Mauldin in Tamiflu zone.
1:06 of 3rd period - Wrist shot by Steven Reinprecht.
1:06 of 3rd period - Goal by Steven Reinprecht - Tamiflu : 2 - Sewer Rats : 4.
1:07 of 3rd period - Greg Mauldin wins face-off versus Steven Reinprecht in neutral zone.
1:10 of 3rd period - Steven Reinprecht is hit by Jan Mursak and loses puck.
1:27 of 3rd period - Greg Mauldin is hit by John-Michael Liles and loses puck.
2:02 of 3rd period - Slapshot by Kyle Quincey.
2:02 of 3rd period - Stopped by Mike McKenna without a rebound.
2:03 of 3rd period - Colin Greening wins face-off versus Lars Eller in Tamiflu zone.
2:15 of 3rd period - Slapshot by Mike Duco.
2:15 of 3rd period - Stopped by Semyon Varlamov without a rebound.
2:16 of 3rd period - Steven Reinprecht wins face-off versus Greg Mauldin in Sewer Rats zone.
2:41 of 3rd period - John-Michael Liles is hit by Petr Pohl and loses puck.
2:49 of 3rd period - Icing by John Lammers.
2:50 of 3rd period - Kyle Turris wins face-off versus Greg Mauldin in Sewer Rats zone.
2:50 of 3rd period - Kyle Turris is hit by Carson Mcmillan.
3:18 of 3rd period - Slapshot by Steven Reinprecht.
3:18 of 3rd period - Stopped by Mike McKenna without a rebound.
3:19 of 3rd period - Adam Henrique wins face-off versus Steven Reinprecht in Tamiflu zone.
3:52 of 3rd period - Snap shot by Adam Henrique.
3:52 of 3rd period - Deflect By Petr Pohl.
3:52 of 3rd period - Stopped by Semyon Varlamov without a rebound.
3:53 of 3rd period - Jan Mursak wins face-off versus Steven Reinprecht in Sewer Rats zone.
4:23 of 3rd period - Snap shot by Brandon Sutter.
4:23 of 3rd period - Stopped by Mike McKenna with a rebound.
4:25 of 3rd period - Slapshot by Steven Kampfer.
4:25 of 3rd period - Shot Blocked by Garrett Wilson.
4:27 of 3rd period - Slapshot by Steven Kampfer.
4:27 of 3rd period - Stopped by Mike McKenna with a rebound.
4:29 of 3rd period - Slapshot by Vojtech Polak.
4:29 of 3rd period - Shot Misses the Net.
4:39 of 3rd period - Slapshot by Johan Fransson.
4:39 of 3rd period - Shot Blocked by John-Michael Liles.
4:41 of 3rd period - Slapshot by Jordan Hendry.
4:41 of 3rd period - Stopped by Semyon Varlamov without a rebound.
4:42 of 3rd period - Casey Wellman wins face-off versus Kyle Turris in Sewer Rats zone.
4:43 of 3rd period - Slapshot by Mattias Tedenby.
4:43 of 3rd period - Shot Blocked by John-Michael Liles.
4:45 of 3rd period - Snap shot by Casey Wellman.
4:45 of 3rd period - Shot Misses the Net.
4:47 of 3rd period - Backhand shot by Philip Samuelsson.
4:47 of 3rd period - Deflect By Mattias Tedenby.
4:47 of 3rd period - Shot Blocked by John Erskine.
4:47 of 3rd period - Puck is out of play.
4:48 of 3rd period - Steven Reinprecht wins face-off versus Greg Mauldin in Sewer Rats zone.
4:48 of 3rd period - Steven Reinprecht is hit by Jan Mursak.
6:19 of 3rd period - Wrist shot by Greg Mauldin.
6:19 of 3rd period - Shot Blocked by John-Michael Liles.
6:21 of 3rd period - Snap shot by Carson Mcmillan.
6:21 of 3rd period - Goal by Carson Mcmillan - Tamiflu : 3 - Sewer Rats : 4.
6:22 of 3rd period - Adam Henrique wins face-off versus Steven Reinprecht in neutral zone.
6:35 of 3rd period - Slapshot by Ville Leino.
6:35 of 3rd period - Shot Misses the Net.
6:37 of 3rd period - Snap shot by Ville Leino.
6:37 of 3rd period - Stopped by Mike McKenna with a rebound.
6:49 of 3rd period - Steven Kampfer is hit by Mike Duco.
7:26 of 3rd period - Snap shot by Lars Eller.
7:26 of 3rd period - Shot Blocked by Philip Samuelsson.
8:23 of 3rd period - Mattias Tedenby is hit by John-Michael Liles and loses puck.
9:18 of 3rd period - Snap shot by Patrick Bordeleau.
9:18 of 3rd period - Shot Misses the Net.
11:42 of 3rd period - Kyle Quincey is hit by Mattias Tedenby and loses puck.
12:23 of 3rd period - Greg Mauldin is hit by Jordan Caron and loses puck.
12:28 of 3rd period - Wrist shot by Patrick Bordeleau.
12:28 of 3rd period - Stopped by Mike McKenna without a rebound.
12:29 of 3rd period - Adam Henrique wins face-off versus Mark Mancari in Tamiflu zone.
12:39 of 3rd period - Wrist shot by Adam Henrique.
12:39 of 3rd period - Stopped by Semyon Varlamov with a rebound.
12:55 of 3rd period - Mike Funk is hit by Carson Mcmillan and loses puck.
14:57 of 3rd period - Minor Penalty to John-Michael Liles for Hooking.
14:58 of 3rd period - Greg Mauldin wins face-off versus John Lammers in Sewer Rats zone.
15:11 of 3rd period - Wrist shot by Greg Mauldin.
15:11 of 3rd period - Goal by Greg Mauldin - Tamiflu : 4 - Sewer Rats : 4.
15:12 of 3rd period - Kyle Turris wins face-off versus Colin Greening in neutral zone.
15:15 of 3rd period - Slapshot by Kyle Quincey.
15:15 of 3rd period - Stopped by Mike McKenna with a rebound.
15:17 of 3rd period - Slapshot by Steven Kampfer.
15:17 of 3rd period - Shot Blocked by Garrett Wilson.
15:19 of 3rd period - Wrist shot by Kyle Turris.
15:19 of 3rd period - Stopped by Mike McKenna with a rebound.
15:21 of 3rd period - Wrist shot by Derek Dorsett.
15:21 of 3rd period - Stopped by Mike McKenna without a rebound.
15:22 of 3rd period - Kyle Turris wins face-off versus Colin Greening in Tamiflu zone.
15:25 of 3rd period - Snap shot by Derek Dorsett.
15:25 of 3rd period - Stopped by Mike McKenna without a rebound.
15:26 of 3rd period - Kyle Turris wins face-off versus Mike Duco in Tamiflu zone.
15:29 of 3rd period - Snap shot by Derek Dorsett.
15:29 of 3rd period - Shot Misses the Net.
15:31 of 3rd period - Snap shot by Derek Dorsett.
15:31 of 3rd period - Deflect By Nathan Oystrick.
15:31 of 3rd period - Stopped by Mike McKenna without a rebound.
15:32 of 3rd period - Colin Greening wins face-off versus Kyle Turris in Tamiflu zone.
15:32 of 3rd period - Colin Greening is hit by Derek Dorsett.
15:57 of 3rd period - Off-side.
15:58 of 3rd period - Ville Leino wins face-off versus Greg Mauldin in neutral zone.
16:19 of 3rd period - Minor Penalty to Kyle Quincey for Interference.
16:20 of 3rd period - Greg Mauldin wins face-off versus Steven Reinprecht in Sewer Rats zone.
16:23 of 3rd period - Wrist shot by Greg Mauldin.
16:23 of 3rd period - Deflect By Carson Mcmillan.
16:23 of 3rd period - Stopped by Semyon Varlamov with a rebound.
17:30 of 3rd period - Jan Mursak is hit by Mattias Ekholm and loses puck.
18:19 of 3rd period - Penalty to Kyle Quincey is over, Kyle Quincey is back on ice.
18:27 of 3rd period - Wrist shot by Nick Palmieri.
18:27 of 3rd period - Shot Blocked by Nathan Oystrick.
18:53 of 3rd period - Wrist shot by Nick Palmieri.
18:53 of 3rd period - Deflect By Ville Leino.
18:53 of 3rd period - Shot Blocked by Justin Braun.
18:53 of 3rd period - Puck is out of play.
18:54 of 3rd period - Steven Reinprecht wins face-off versus Adam Henrique in Tamiflu zone.
18:55 of 3rd period - Wrist shot by Mark Mancari.
18:55 of 3rd period - Shot Misses the Net.
18:57 of 3rd period - Snap shot by Kyle Quincey.
18:57 of 3rd period - Deflect By Steven Reinprecht.
18:57 of 3rd period - Stopped by Mike McKenna without a rebound.
18:58 of 3rd period - Adam Henrique wins face-off versus Steven Reinprecht in Tamiflu zone.
18:58 of 3rd period - Adam Henrique is hit by Kyle Quincey.
Goals for this period are 2 for Tamiflu vs 1 for Sewer Rats.
Shots for this period are 7 for Tamiflu vs 17 for Sewer Rats.
Overtime #1
0:01 of 1st overtime period - Steven Reinprecht wins face-off versus Greg Mauldin in neutral zone.
1:30 of 1st overtime period - Icing by Kyle Turris.
1:31 of 1st overtime period - Derek Dorsett wins face-off versus Mike Duco in Sewer Rats zone.
2:24 of 1st overtime period - Steven Reinprecht is hit by Mattias Tedenby and loses puck.
4:49 of 1st overtime period - John Erskine is hit by Johan Fransson and loses puck.
Goals for this period are 0 for Tamiflu vs 0 for Sewer Rats.
Shots for this period are 0 for Tamiflu vs 0 for Sewer Rats.
ShootOut
5:00 of 1st overtime period - Penalty Shot by Greg Mauldin for Tamiflu.
5:00 of 1st overtime period - Backhand shot by Greg Mauldin.
5:00 of 1st overtime period - Stopped by Semyon Varlamov.
5:00 of 1st overtime period - Penalty Shot by Steven Reinprecht for Sewer Rats.
5:00 of 1st overtime period - Wrist shot by Steven Reinprecht.
5:00 of 1st overtime period - Stopped by Mike McKenna.
5:00 of 1st overtime period - Penalty Shot by Carson Mcmillan for Tamiflu.
5:00 of 1st overtime period - Deke by Carson Mcmillan.
5:00 of 1st overtime period - Stopped by Semyon Varlamov.
5:00 of 1st overtime period - Penalty Shot by Ville Leino for Sewer Rats.
5:00 of 1st overtime period - Backhand shot by Ville Leino.
5:00 of 1st overtime period - Stopped by Mike McKenna.
5:00 of 1st overtime period - Penalty Shot by Petr Pohl for Tamiflu.
5:00 of 1st overtime period - Snap shot by Petr Pohl.
5:00 of 1st overtime period - Shot Misses the Net.
5:00 of 1st overtime period - Penalty Shot by Vojtech Polak for Sewer Rats.
5:00 of 1st overtime period - Wrist shot by Vojtech Polak.
5:00 of 1st overtime period - Shot Misses the Net.
5:00 of 1st overtime period - Penalty Shot by Adam Henrique for Tamiflu.
5:00 of 1st overtime period - Snap shot by Adam Henrique.
5:00 of 1st overtime period - Stopped by Semyon Varlamov.
5:00 of 1st overtime period - Penalty Shot by Mark Mancari for Sewer Rats.
5:00 of 1st overtime period - Wrist shot by Mark Mancari.
5:00 of 1st overtime period - Stopped by Mike McKenna.
5:00 of 1st overtime period - Penalty Shot by Mike Duco for Tamiflu.
5:00 of 1st overtime period - Snap shot by Mike Duco.
5:00 of 1st overtime period - Goal by Mike Duco.
5:00 of 1st overtime period - Penalty Shot by Brandon Sutter for Sewer Rats.
5:00 of 1st overtime period - Deke by Brandon Sutter.
5:00 of 1st overtime period - Stopped by Mike McKenna.
Output by the SimonT Hockey Simulator (STHS) for François Prévost -- Original Page W3C XHTML 1.0 Valid